 Dungeon Crawl Stone Soup version 0.28-a0-751-gef3a642a4e (webtiles) character file.

Game seed: 14584301271228368709

0 spiderkeys the Skirmisher (level 1, -8/14 HPs)
             Began as a Gargoyle Abyssal Knight on Oct 31, 2021.
             Was a Follower of Lugonu.
             Mangled by a small abomination (11 damage)
             ... on level 1 of the Abyss.
             The game lasted 00:00:14 (83 turns).

spiderkeys the Skirmisher (Gargoyle Abyssal Knight)   Turns: 83, Time: 00:00:14

Health: -8/14      AC:  5    Str: 16    XL:     1   Next: 0%
Magic:  2/2        EV: 11    Int: 10    God:    Lugonu [*.....]
Gold:   0          SH:  0    Dex: 10    Spells: 0/0 levels left

rFire   . . .      SeeInvis .   a - +1 mace
rCold   . . .      Faith    .   (no shield)
rNeg    + . .      Spirit   .   b - +0 leather armour
rPois   ∞          Reflect  .   (no helmet)
rElec   +          Harm     .   (no cloak)
rCorr   .          Rampage  .   (no gloves)
Will    .....                   (no boots)
Stlth   +.........              (no amulet)
HPRegen 0.04/turn               (no ring)
MPRegen 0.08/turn               (no ring)

@: no status effects
A: sickness immunity, AC +2, negative energy resistance 1, electricity
resistance, torment resistance 1, petrification resistance
a: Renounce Religion, Depart the Abyss


You were on level 1 of the Abyss.
You worshipped Lugonu.
Lugonu was aware of your devotion.
You visited 0 branches of the dungeon, and saw 0 of its levels.
You visited the Abyss 1 time.


Innate Abilities, Weirdness & Mutations

You are immune to sickness and miasma.
Your stone body is resilient. (AC +2)
You are immune to poison.
You resist negative energy. (rN+)
You are resistant to electric shocks. (rElec)
You are resistant to unholy torment.
You are immune to petrification.


   Skills:
 + Level 3.2 Fighting
 + Level 2.0 Maces & Flails
 + Level 2.1 Armour
 + Level 0.7 Dodging
 + Level 2.0 Invocations


You couldn't memorise any spells.
You didn't know any spells.
Your spell library was empty.

Inventory:

Hand Weapons
 a - a +1 mace (weapon)
Missiles
 c - 13 arrows
Armour
 b - a +0 leather armour (worn)
Potions
 d - a potion of flight {unknown}

Dungeon Overview and Level Annotations

Branches:
Dungeon (0/15)

Altars:

#...##.....#.....#.
.. ≈≈.<###.3.###...
##...##
#..≈≈\#.....#....
#... .#
..≈≈..w.............
. . #.≈≈..
.....#.....# ... ≈≈≈
.###.=.### . ##.. ##
≈≈# ##.## ## ## # ##
≈≈ ##..x### . #...#
#..≈@.# . . ♣ ... #
≈≈..≈≈≈≈≈≈≈≈....≈....
≈≈≈.#..≈..≈.≈.≈≈
≈≈.##≈..≈#≈#...# #.#
###.#####.## .. ...
..# ... . ...


You could see a neqoxec, a small abomination and a starspawn tentacle.


Message History

🤖 Initializing magus.rc ... ✅ Successfully initialized magus.rc [v1.9.10] Welcome, spiderkeys the Gargoyle Abyssal Knight.
The monsters here aren't big trick-or-treat fans.
If they won't give you the Orb of Zot, you'll have to take it.
Lugonu says: Depart the Abyss and spread corruption, my servant! (use the ability menu to exit the Abyss) Press ? for a list of commands and other information.
Found 13 arrows.
Found two corrupted altars of Lugonu.
c - 13 arrows
Found a gateway leading out of the Abyss.
A small abomination emerges from the beyond.
Unknown command.
You see here a glowing puce potion.
d - a glowing puce potion The small abomination hits you!
Ouch! That really hurt!
* * * LOW HITPOINT WARNING * * *
😨 HP[-8]
You take 8 damage, and now have 6/14 hp.
MASSIVE DAMAGE!! (PAUSE)
A neqoxec comes into view.
Found a gateway leading deeper into the Abyss. 😨 HP[+1]
A tentacled starspawn comes into view.
A tentacle flies out from the starspawn's body!
A starspawn tentacle comes into view.
The small abomination hits you.
* * * LOW HITPOINT WARNING * * *
😨 HP[-3]
You take 3 damage, and now have 4/14 hp.
MASSIVE DAMAGE!! (PAUSE)
The starspawn tentacle grabs you. The starspawn tentacle constricts you.
* * * LOW HITPOINT WARNING * * *
😱 HP[-1]
You take 1 damage, and now have 3/14 hp.
You escape the starspawn tentacle's grasp.
Unknown command.
You see here a ring of fire.
The small abomination hits you!
Ouch! That really hurt!
You die...

Levels and vault maps discovered:
Abyss:1:  base: Temple, base:
Temple

Notes
Turn   | Place    | Note
-------+----------+-------------------------------------------
     0 | Abyss:1  | spiderkeys the Gargoyle Abyssal Knight began the quest for
                  | the Orb.
     0 | Abyss:1  | Reached XP level 1. HP: 14/14 MP: 2/2
     0 | Abyss:1  | magus.rc [v1.9.10]
    63 | Abyss:1  | Noticed a small abomination
    70 | Abyss:1  | Noticed a neqoxec
    75 | Abyss:1  | Noticed a tentacled starspawn
    77 | Abyss:1  | HP: 3/14 [constriction[a tentacled starspawn] (1)]
    83 | Abyss:1  | Mangled by a small abomination

Vanquished Creatures (others)
  2 starspawn tentacles (Abyss:1)
2 creatures vanquished.

Table legend:
 A = Non-vault XP
 B = Vault XP
 C = Vault XP percentage of total XP
 D = Non-vault monster count
 E = Vault monster count
 F = Vault count percentage of total count
                 A         B        C        D         E       F
            +---------+---------+-------+---------+---------+-------
      Total |       0 |       0 |   N/A |       0 |       0 |  -nan
            +---------+---------+-------+---------+---------+-------
            +---------+---------+-------+---------+---------+-------

Illustrated notes

Table legend: (Time is in decaauts)
 A = Elapsed time spent in this place.
 B = Non-inter-level travel time spent in this place.
 C = Inter-level travel time spent in this place.
 D = Time resting spent in this place.
 E = Time spent auto-exploring this place.
 F = Levels seen in this place.
 G = Mean time per level.
                   A        B        C        D        E       F      G
               +--------+--------+--------+--------+--------+-----+--------+
         Total |     83 |     83 |      0 |      0 |     62 |   1 |   83.0 |
         Abyss |     83 |     83 |      0 |      0 |     62 |   1 |   83.0 |
               +--------+--------+--------+--------+--------+-----+--------+

Top non-repeatable levels by time:
 Abyss:1: 83 daAuts
